 Seeded DCSS version 0.29-a0-872-g797fff5ad1 (webtiles) character file.

Game seed: 8897551386731462229 (custom seed)

4555 wilfster70 the Ducker (level 10, -4/77 HPs)
             Began as a Gnoll Arcane Marksman on July 18, 2022.
             Was an Initiate of Ashenzari.
             Slain by an orc warrior
             ... wielding a +0 war axe
              (11 damage)
             ... in a bailey.
             The game lasted 00:22:26 (8255 turns).

wilfster70 the Ducker (Gnoll Arcane Marksman)       Turns: 8255, Time: 00:22:26

Health: -4/77      AC: 11    Str: 11    XL:     10   Next: 40%
Magic:  19/19      EV: 14    Int: 16    God:    Ashenzari [......]
Gold:   519        SH:  0    Dex: 12    Spells: 15/22 levels left

rFire   . . .      SeeInvis .   b - +2 broad axe (elec)
rCold   . . .      Faith    .   (no shield)
rNeg    . . .      Spirit   .   c - +0 robe "Profound Shame" {Fort, Self} (curse)
rPois   .          Reflect  .   (no helmet)
rElec   .          Harm     .   L - +1 cloak
rCorr   .          Rampage  .   e - +1 pair of gloves
Will    .....                   (no boots)
Stlth   +++.......              m - amulet of the acrobat
HPRegen 0.22/turn               n - +4 ring of protection
MPRegen 0.16/turn               (no ring)

@: no status effects
A: fangs 1, strong nose, distributed training
a: Renounce Religion, Shatter the Chains


You were in a bailey.
You worshipped Ashenzari.
Ashenzari was noncommittal.
You visited 2 branches of the dungeon, and saw 9 of its levels.
You also visited: Ossuary and Bailey.

You collected 519 gold pieces.

Inventory:

Hand Weapons
 a - the +6 shortbow of Seyrow {speed, rElec rPois rF++ rCorr}
   (You acquired it on level 1 of the Dungeon)

   Attacks with this weapon are significantly faster.
   rF:        It greatly protects you from fire.
   rElec:     It insulates you from electricity.
   rPois:     It protects you from poison.
   rCorr:     It protects you from acid and corrosion.
 b - a +2 broad axe of electrocution (weapon)
Missiles
 f - 2 javelins
 s - 33 poisoned darts
Armour
 c - the cursed +0 robe "Profound Shame" (worn) {Fort, Self}

   It has a curse which improves the following skills: Fortitude: Armour and
   Shields.
   Introspection: Fighting and Spellcasting.
 e - a +1 pair of gloves (worn)
 L - a +1 cloak (worn)
Jewellery
 m - an amulet of the acrobat (around neck)
 n - a +4 ring of protection (left hand)
 t - a ring of fire
Wands
 g - a wand of charming (10)
 k - a wand of digging (5)
 y - a wand of roots (2)
 B - a wand of light (10)
 G - a wand of flame (14)
 M - a wand of mindburst (11)
Scrolls
 h - 4 scrolls of noise {unknown}
 i - 3 scrolls of magic mapping {unknown}
 j - 3 scrolls of poison
 l - 6 scrolls of teleportation
 o - 2 scrolls of amnesia
 p - 6 scrolls of blinking {unknown}
 u - a scroll of brand weapon {unknown}
 w - a scroll of enchant weapon {unknown}
 x - a scroll of fog {unknown}
 z - a scroll of silence {unknown}
 A - a scroll of torment {unknown}
 I - a scroll of immolation {unknown}
 K - a scroll of fear {unknown}
Potions
 d - 6 potions of curing
 q - 3 potions of mutation {unknown}
 r - a potion of invisibility {unknown}
 v - 2 potions of flight {unknown}
 C - 4 potions of resistance
 E - a potion of heal wounds {unknown}
 F - a potion of brilliance {unknown}
 H - 3 potions of haste {unknown}
 J - a potion of lignification {unknown}
 N - a potion of attraction {unknown}
 O - a potion of magic {unknown}


   Skills:
 + Level 6.1(6.5) Fighting
 + Level 5.4 Short Blades
 + Level 5.4 Long Blades
 + Level 5.4 Axes
 + Level 5.4 Maces & Flails
 + Level 5.4 Polearms
 + Level 5.4 Staves
 + Level 7.2 Ranged Weapons
 + Level 5.4 Throwing
 + Level 5.4(5.9) Armour
 + Level 7.2 Dodging
 + Level 5.4 Stealth
 + Level 5.4(5.9) Shields
 + Level 5.4 Unarmed Combat
 + Level 6.2(6.6) Spellcasting
 + Level 4.5 Conjurations
 + Level 7.2 Hexes
 + Level 4.5 Summonings
 + Level 4.5 Necromancy
 + Level 4.5 Translocations
 + Level 4.5 Transmutations
 + Level 4.5 Fire Magic
 + Level 4.5 Ice Magic
 + Level 4.5 Air Magic
 + Level 4.5 Earth Magic
 + Level 4.5 Poison Magic
 + Level 6.0 Invocations
 + Level 5.4 Evocations


You had 15 spell levels left.
You knew the following spells:

 Your Spells              Type           Power      Damage    Failure   Level
a - Portal Projectile     Hex/Tloc       48%        N/A       3%          3
b - Cause Fear            Hex            14%        N/A       7%          4

Your spell library contained the following spells:

 Spells                   Type           Power      Damage    Failure   Level
 Apportation              Tloc           38%        N/A       1%          1
 Necrotise                Necr           76%        1d7       1%          1
 Shock                    Conj/Air       76%        1d7       1%          1
 Slow                     Hex            100%       N/A       1%          1
 Summon Small Mammal      Summ           76%        N/A       1%          1
 Ensorcelled Hibernation  Hex/Ice        48%        N/A       1%          2
 Passwall                 Tmut/Erth      15%        N/A       3%          2
 Inner Flame              Hex/Fire       24%        N/A       3%          3
 Swiftness                Air            19%        N/A       6%          3
 Airstrike                Air            9%         0-4+      21%         4


Dungeon Overview and Level Annotations

Branches:
Dungeon (8/15)             Temple (1/1) D:7         Ossuary (visited)
 Bailey (1/1)
   Lair: D:8-11

Altars:
Ashenzari
Cheibriados
Dithmenos
Fedhas
Gozag
Hepliaklqana
Kikubaaqudgha
Makhleb
Nemelex Xobeh
Okawaru
Qazlal
Ru
Sif Muna
Trog
Uskayaw
Xom
Yredelemnul
The Shining One

Annotations:
D:4 2 transporters, Megaraah's ghost, weakling HOMo
D:7 3 runed translucent doors, raph's ghost, novice MiFi


Innate Abilities, Weirdness & Mutations

You have very sharp teeth.
Your uncanny sense of smell can sniff out nearby items.
Your experience applies equally to all skills.


Message History

The orc warrior is moderately wounded.
You hit the orc warrior.
Lightning courses through the orc warrior!
You kill the orc warrior!
The orc warrior hits you with a +0 war axe.
* * * LOW HITPOINT WARNING * * *
You hit the orc warrior.
You bite the orc warrior, but do no damage.
The orc warrior is heavily wounded.
You closely miss the hobgoblin.
The hobgoblin hits you but does no damage.
The orc warrior closely misses you.
You closely miss the orc warrior.
The orc warrior is heavily wounded.
You barely miss the hobgoblin. The hobgoblin closely misses you.
The orc warrior hits you with a +0 war axe.
* * * LOW HITPOINT WARNING * * *
The hobgoblin completely misses you.
The orc warrior hits you with a +0 war axe!
* * * LOW HITPOINT WARNING * * *
You feel better. The hobgoblin closely misses you.
The orc warrior hits you with a +0 war axe.
* * * LOW HITPOINT WARNING * * *
You hit the orc warrior.
Lightning courses through the orc warrior!
Your bite misses the orc warrior.
The orc warrior is almost dead.
You hit the hobgoblin.
Lightning courses through the hobgoblin!!
You kill the hobgoblin!
The orc warrior misses you.
Okay, then.
You hit the orc warrior but do no damage.
The orc warrior is almost dead.
The orc warrior sings a few bars from the Orcish anthem.
The orc warrior hits you but does no damage.
You barely miss the orc warrior.
The orc warrior is almost dead.
The orc warrior hits you with a +0 war axe!
You die...

... ##'# #..#
#..# ∆∆#..#
∆∆#..# #..#
#)## #@o#
#8.# #..#
####8.#
#######.....#
#.....#...8.#
#.....#.....#
#..⌠..#).####
+.....)..#


You could see an orc warrior.

Vanquished Creatures
  Amaemon (D:8)
  Pikel (D:5)
  An orange demon (D:8)
  Menkaure (D:7)
  3 orc warriors (Bailey)
  A sky beast (D:7)
  3 ice beasts (D:6)
  2 black bears
  2 ogres
  A phantom (D:6)
  A centaur (D:6)
  An elf zombie (Ossuary)
  Blork the orc (D:5)
  3 kobold brigands
  A bullfrog (D:7)
  2 scorpions
  A necrophage (D:7)
  5 wights (D:7)
  5 killer bees (D:8)
  3 centaur zombies (Ossuary)
  4 orc priests
  3 hounds
  Crazy Yiuf (D:6)
  2 human zombies (Ossuary)
  2 iguanas
  4 orc wizards
  2 killer bee zombies (D:7)
  2 mummies (Ossuary)
  8 gnolls
  12 adders
  A shadow imp (D:7)
  2 white imps (D:5)
  An adder zombie (Ossuary)
  3 worms
  2 dart slugs
  39 orcs
  8 ball pythons
  4 bats
  10 endoplasms
  4 giant cockroaches
  7 goblins
  10 hobgoblins
  4 jackals (D:1)
  25 kobolds
  7 frilled lizards
  3 goblin zombies (Ossuary)
  7 hobgoblin zombies (Ossuary)
  8 kobold zombies (Ossuary)
  10 orc zombies (Ossuary)
  A rat (D:3)
  A rat zombie (Ossuary)
236 creatures vanquished.

Notes
Turn   | Place    | Note
-------+----------+-------------------------------------------
     0 | D:1      | wilfster70 the Gnoll Arcane Marksman began the quest for
                  | the Orb.
     0 | D:1      | Reached XP level 1. HP: 17/17 MP: 4/4
    50 | D:1      | Reached XP level 2. HP: 23/23 MP: 5/5
   350 | D:1      | Identified a scroll of acquirement
   350 | D:1      | Acquired the +6 shortbow of Seyrow {speed, rElec rPois rF++
                  | rCorr}
   748 | D:1      | Acquired a book of Air
   810 | D:2      | Reached XP level 3. HP: 28/28 MP: 7/7
   833 | D:2      | Found a faded altar of an unknown god.
  1006 | D:2      | Reached skill level 1 in Invocations
  1013 | D:2      | Reached skill level 1 in Short Blades
  1013 | D:2      | Reached skill level 1 in Long Blades
  1013 | D:2      | Reached skill level 1 in Axes
  1013 | D:2      | Reached skill level 1 in Maces & Flails
  1013 | D:2      | Reached skill level 1 in Polearms
  1013 | D:2      | Reached skill level 1 in Staves
  1013 | D:2      | Reached skill level 1 in Throwing
  1013 | D:2      | Reached skill level 1 in Armour
  1013 | D:2      | Reached skill level 1 in Stealth
  1013 | D:2      | Reached skill level 1 in Shields
  1013 | D:2      | Reached skill level 1 in Unarmed Combat
  1013 | D:2      | Reached skill level 1 in Evocations
  1027 | D:2      | Reached XP level 4. HP: 33/34 MP: 8/8
  1078 | D:2      | Reached skill level 1 in Conjurations
  1078 | D:2      | Reached skill level 1 in Summonings
  1078 | D:2      | Reached skill level 1 in Necromancy
  1078 | D:2      | Reached skill level 1 in Translocations
  1078 | D:2      | Reached skill level 1 in Transmutations
  1078 | D:2      | Reached skill level 1 in Fire Magic
  1078 | D:2      | Reached skill level 1 in Ice Magic
  1078 | D:2      | Reached skill level 1 in Air Magic
  1078 | D:2      | Reached skill level 1 in Earth Magic
  1078 | D:2      | Reached skill level 1 in Poison Magic
  1593 | D:3      | Reached XP level 5. HP: 40/40 MP: 9/9
  1711 | D:3      | Found a shimmering altar of Xom.
  1776 | D:3      | Found a bloodstained altar of Trog.
  2131 | D:3      | Reached XP level 6. HP: 22/47 MP: 11/11
  2144 | D:3      | Reached skill level 5 in Ranged Weapons
  2144 | D:3      | Reached skill level 5 in Dodging
  2567 | D:4      | Found a transporter.
  2572 | D:4      | Noticed Megaraah's ghost (weakling HOMo)
  2573 | D:4      | Found a transporter.
  2605 | D:4      | Found a hazy altar of Hepliaklqana.
  2711 | D:4      | Found an ancient bone altar of Kikubaaqudgha.
  2840 | D:4      | Found an opulent altar of Gozag.
  2977 | D:4      | Found a burning altar of Makhleb.
  3081 | D:4      | Found a blossoming altar of Fedhas.
  3081 | D:4      | Found a snail-covered altar of Cheibriados.
  3157 | D:5      | Entered Level 5 of the Dungeon
  3160 | D:5      | Noticed a black bear
  3408 | D:4      | Reached XP level 7. HP: 46/47 MP: 12/12
  3596 | D:5      | Noticed Blork the orc
  3602 | D:5      | Killed Blork the orc
  3964 | D:5      | Noticed Pikel
  3983 | D:5      | Killed Pikel
  3984 | D:5      | Reached XP level 8. HP: 48/61 MP: 14/14
  4243 | D:6      | Found a glowing golden altar of the Shining One.
  4249 | D:6      | Found a sacrificial altar of Ru.
  4588 | D:6      | Learned a level 4 spell: Cause Fear
  4650 | D:6      | Reached XP level 9. HP: 53/67 MP: 16/16
  4905 | D:6      | Reached skill level 5 in Spellcasting
  5161 | D:6      | Reached skill level 5 in Fighting
  5244 | D:6      | Found a runed translucent door.
  5245 | D:6      | Noticed Crazy Yiuf
  5251 | D:6      | Killed Crazy Yiuf
  5480 | D:6      | Learned a level 3 spell: Portal Projectile
  5914 | D:7      | Noticed Menkaure
  5931 | D:7      | Killed Menkaure
  5949 | D:7      | Found a sand-covered staircase.
  5962 | Ossuary  | Entered an ossuary
  6334 | Ossuary  | Reached skill level 5 in Invocations
  6543 | D:7      | Found a staircase to the Ecumenical Temple.
  6557 | Temple   | Entered the Ecumenical Temple
  6622 | Temple   | Became a worshipper of Ashenzari the Shackled
  7305 | D:7      | Found a runed translucent gate.
  7305 | D:7      | Found a runed translucent gate.
  7305 | D:7      | Found a runed translucent gate.
  7305 | D:7      | Noticed raph's ghost (novice MiFi)
  7308 | D:7      | Found a basalt altar of Yredelemnul.
  7615 | D:8      | Reached skill level 5 in Short Blades
  7615 | D:8      | Reached skill level 5 in Long Blades
  7615 | D:8      | Reached skill level 5 in Axes
  7615 | D:8      | Reached skill level 5 in Maces & Flails
  7615 | D:8      | Reached skill level 5 in Polearms
  7615 | D:8      | Reached skill level 5 in Staves
  7615 | D:8      | Reached skill level 5 in Throwing
  7615 | D:8      | Reached skill level 5 in Armour
  7615 | D:8      | Reached skill level 5 in Stealth
  7615 | D:8      | Reached skill level 5 in Shields
  7615 | D:8      | Reached skill level 5 in Unarmed Combat
  7615 | D:8      | Reached skill level 5 in Evocations
  7615 | D:8      | Reached XP level 10. HP: 76/76 MP: 19/19
  7748 | D:8      | Found a flagged portal.
  7750 | D:8      | Noticed Amaemon
  7754 | D:8      | Noticed an orange demon
  7776 | D:8      | Killed Amaemon
  7784 | D:8      | Killed an orange demon
  7944 | Bailey   | Entered a bailey
  8255 | Bailey   | Slain by an orc warrior

Illustrated notes

Levels and vault maps discovered:
D:1:      lemuel_arrival_behind_the_door_large, layout_basic, minivault_24,
          dreamdust_wishing_well, moated_statue, minmay_hedge_maze
D:2:      layout_basic, dreamdust_ecumenical_altar_grove, eino_tiny_chamber,
          minmay_joined_circles
D:3:      layout_loops_ring, bloody_trog, mainiacjoe_overflow_tiny_flanked,
          minmay_fractal_squares_gapless_5
D:4:      layout_basic, bloody_makhleb, lemuel_crystal_altar,
          gammafunk_temple_overflow_pools, grunt_temple_overflow_open,
          gammafunk_ghost_mausoleum
D:5:      layout_cave_pools, minmay_misc_feat_x, uniq_blork_the_orc, uniq_pikel
D:6:      layout_basic, mainiacjoe_overflow_catch_the_wave,
          minmay_misc_feat_pillars, minivault_24, uniq_crazy_yiuf_cottage
D:7:      layout_rooms, nicolae_yredelemnul_ghost_church,
          minmay_temple_entry_ruins, chequers_ossuary_entry_cave,
          corexii_corridor_pit, uniq_menkaure
D:8:      layout_loops_cross, enter_bailey_5, uniq_amaemon
Temple:   hellmonk_temple_beads
Bailey:   bailey_axe_of_yendor_kennysheep, bailey

Skill      XL: |  1  2  3  4  5  6  7  8  9 10 |
---------------+-------------------------------+-----
Invocations    | 1 2 3 4 5 6 |  6.0
Short Blades   | 1 2 3 4 5 |  5.4
Long Blades    | 1 2 3 4 5 |  5.4
Axes           | 1 2 3 4 5 |  5.4
Maces & Flails | 1 2 3 4 5 |  5.4
Polearms       | 1 2 3 4 5 |  5.4
Staves         | 1 2 3 4 5 |  5.4
Throwing       | 1 2 3 4 5 |  5.4
Armour         | 1 2 3 4 5 |  5.4
Stealth        | 1 2 3 4 5 |  5.4
Shields        | 1 2 3 4 5 |  5.4
Unarmed Combat | 1 2 3 4 5 |  5.4
Evocations     | 1 2 3 4 5 |  5.4
Spellcasting   | 3 4 5 6 |  6.2
Conjurations   | 1 2 3 4 |  4.5
Summonings     | 1 2 3 4 |  4.5
Necromancy     | 1 2 3 4 |  4.5
Translocations | 1 2 3 4 |  4.5
Transmutations | 1 2 3 4 |  4.5
Fire Magic     | 1 2 3 4 |  4.5
Ice Magic      | 1 2 3 4 |  4.5
Air Magic      | 1 2 3 4 |  4.5
Earth Magic    | 1 2 3 4 |  4.5
Poison Magic   | 1 2 3 4 |  4.5
Fighting       | 3 4 5 6 |  6.1
Ranged Weapons | 5 6 7 |  7.2
Dodging        | 5 6 7 |  7.2
Hexes          | 6 7 |  7.2

Action                   |  1- 3 |  4- 6 |  7- 9 | 10-12 || total
-------------------------+-------+-------+-------+-------++-------
Melee: Shortbow          |       |       |     2 |       ||     2
       Bite              |       |       |     1 |     4 ||     5
       Broad axe         |       |       |     3 |    30 ||    33
       Punch             |       |       |       |     2 ||     2
 Fire: Sling             |    47 |       |       |       ||    47
       Shortbow          |    37 |   200 |   423 |    77 ||   737
 Cast: Slow              |     4 |       |       |       ||     4
       Portal Projectile |       |       |     1 |       ||     1
Invok: Curse Item        |       |       |     1 |       ||     1
Evoke: Wand              |       |       |       |     1 ||     1
  Use: Scroll            |     2 |     4 |     5 |       ||    11
       Potion            |       |       |       |     4 ||     4
Armor: Robe              |     6 |    21 |    83 |    28 ||   138
Dodge: Dodged            |    33 |    41 |   181 |    70 ||   325

Table legend: (Time is in decaauts)
 A = Elapsed time spent in this place.
 B = Non-inter-level travel time spent in this place.
 C = Inter-level travel time spent in this place.
 D = Time resting spent in this place.
 E = Time spent auto-exploring this place.
 F = Levels seen in this place.
 G = Mean time per level.
                   A        B        C        D        E       F      G
               +--------+--------+--------+--------+--------+-----+--------+
         Total |   8127 |   7895 |    232 |   2364 |   2924 |  11 |  738.8 |
       Dungeon |   7188 |   6999 |    189 |   1911 |   2830 |   8 |  898.5 |
        Temple |    108 |     65 |     43 |      0 |     35 |   1 |  108.0 |
       Ossuary |    514 |    514 |      0 |    249 |     59 |   1 |  514.0 |
        Bailey |    315 |    315 |      0 |    204 |      0 |   1 |  315.0 |
               +--------+--------+--------+--------+--------+-----+--------+

Top non-repeatable levels by time:
     D:6: 1645 daAuts
     D:7: 1040 daAuts
     D:3: 954 daAuts
     D:4: 904 daAuts
     D:5: 816 daAuts
     D:1: 787 daAuts
     D:2: 718 daAuts
 Ossuary: 514 daAuts
     D:8: 320 daAuts
  Bailey: 315 daAuts
  Temple: 108 daAuts
